 Dungeon Crawl Stone Soup version 0.26.1-11-gd32895ea62 (webtiles) character file.

Game seed: 8995510602404390195

27 infcreate the Slasher (level 3, 29/29 HPs)
             Began as a Human Berserker on July 18, 2021.
             Was a Follower of Trog.
             Quit the game on level 2 of the Dungeon.
             The game lasted 00:02:35 (661 turns).

infcreate the Slasher (Human Berserker)              Turns: 661, Time: 00:02:36

Health: 29/29      AC:  2    Str: 17    XL:     3   Next: 25%
Magic:  3/3        EV: 13    Int:  7    God:    Trog [*.....]
Gold:   60         SH:  0    Dex: 13    Spells: 2/2 levels left

rFire    . . .     SeeInvis .   a - +0 falchion
rCold    . . .     Faith    .   (no shield)
rNeg     . . .     Spirit   .   b - +0 animal skin
rPois    .         Reflect  .   (no helmet)
rElec    .         Harm     .   (no cloak)
rCorr    .         Rampage  .   (no gloves)
Will     .....                  (no boots)
Stlth    +.........             (no amulet)
HPRegen  0.09/turn              (no ring)
MPRegen  0.08/turn              (no ring)

@: no status effects
A: no striking features
a: Renounce Religion, Berserk


You were on level 2 of the Dungeon.
You worshipped Trog.
Trog was aware of your devotion.
You visited 1 branch of the dungeon, and saw 2 of its levels.

You collected 60 gold pieces.


   Skills:
 + Level 3.3 Fighting
 + Level 3.3 Long Blades
 + Level 2.3 Armour
 + Level 2.4 Dodging


You had 2 spell levels left.
You didn't know any spells.
Your spell library was empty.

Inventory:

Hand Weapons
 a - a +0 falchion (weapon)
Armour
 b - a +0 animal skin (worn)
Jewellery
 h - a +6 ring of dexterity {unknown}
 i - an uncursed ring of stealth {unknown}
Scrolls
 c - a scroll of random uselessness {unknown}
 d - a scroll of identify {unknown}
 e - a scroll of teleportation {unknown}
 f - a scroll of amnesia {unknown}
Potions
 g - a potion of curing {unknown}

Dungeon Overview and Level Annotations

Branches:
Dungeon (2/15)

Altars:
Qazlal

≈♣≈≈≈≈........######.#####
≈≈≈≈≈..≈≈≈...............#
.#≈≈.≈.≈.≈#########...####
.#.≈≈#..♣.# ≈≈≈≈≈≈≈≈#
##...#.≈≈## ###...####
<......### #..## ##.#####
#.#.# #.###### ##.###.
#......# ##@# # ##.
#.####.# #†## #..# #.# #.#
####.## #..# #.# #.#
###.....###.. #.# #.#
#........#.# #.#
#.###.#.####S.# #.#
#.............# #.#
#§..........≈##
#.......≈≈≈.S#


There were no monsters in sight!


Message History

The slug dart hits you.
You start resting.
A dart slug is nearby!
The dart slug closely misses you.
You hit the dart slug.
The dart slug is heavily wounded.
You hit the dart slug.
You kill the dart slug!
Trog accepts your kill.
No target in view!
You start resting.
HP restored.
Found a stormy altar of Qazlal.
Found an escape hatch in the floor.
Found an encrusted cabochon ring.
Found a dark potion.
i - an encrusted cabochon ring An adder comes into view.
You start waiting.
An adder is nearby!
You hit the adder.
The adder is severely wounded.
The adder misses you. The adder closely misses you.
You hit the adder.
You kill the adder!
Trog accepts your kill.
You have reached level 3!
Your experience leads to an increase in your attributes!
Increase (S)trength, (I)ntelligence, or (D)exterity?
You feel agile.
Are you sure you want to abandon this character and quit the game? (Confirm with "yes".)

Action                   || total
-------------------------++-------
Melee: Falchion          ||    31
 Stab: Sleeping          ||     1
Armor: Animal skin       ||     7
Dodge: Dodged            ||    19
       Rpst.: Falchion   ||     6

Levels and vault maps discovered:
D:1:      minmay_arrival_loop, layout_basic, minmay_misc_feat_nine_boxes
D:2:      layout_loops_ring, minitemple, amethyst_overflow_temple_binary,
          serial_rivers, chequers_serial_rivers_micro_a,
          chequers_serial_rivers_micro_e, chequers_serial_rivers_marsh,
          chequers_serial_rivers_micro_a, chequers_serial_rivers_small_b,
          nicolae_qazlal_general_emergency

Notes
Turn   | Place    | Note
-------+----------+-------------------------------------------
     0 | D:1      | infcreate the Human Berserker began the quest for the Orb.
     0 | D:1      | Reached XP level 1. HP: 18/18 MP: 1/1
   189 | D:1      | Reached XP level 2. HP: 24/24 MP: 2/2
   635 | D:2      | Found a stormy altar of Qazlal.
   661 | D:2      | Reached XP level 3. HP: 29/29 MP: 3/3
   661 | D:2      | Quit the game

Vanquished Creatures
  An adder (D:2)
  A dart slug (D:2)
  A leopard gecko (D:1)
  A giant cockroach (D:1)
  3 goblins
  A hobgoblin (D:1)
  3 bats (D:1)
  2 frilled lizards (D:1)
  A kobold (D:1)
  2 rats (D:1)
16 creatures vanquished.

Table legend: (Time is in decaauts)
 A = Elapsed time spent in this place.
 B = Non-inter-level travel time spent in this place.
 C = Inter-level travel time spent in this place.
 D = Time resting spent in this place.
 E = Time spent auto-exploring this place.
 F = Levels seen in this place.
 G = Mean time per level.
                   A        B        C        D        E       F      G
               +--------+--------+--------+--------+--------+-----+--------+
         Total |    666 |    197 |    469 |     84 |      0 |   2 |  333.0 |
       Dungeon |    666 |    197 |    469 |     84 |      0 |   2 |  333.0 |
               +--------+--------+--------+--------+--------+-----+--------+

Top non-repeatable levels by time:
     D:1: 556 daAuts
     D:2: 110 daAuts

Table legend:
 A = Non-vault XP
 B = Vault XP
 C = Vault XP percentage of total XP
 D = Non-vault monster count
 E = Vault monster count
 F = Vault count percentage of total count
                 A         B        C        D         E       F
            +---------+---------+-------+---------+---------+-------
      Total |      39 |       0 |   0.0 |      16 |       0 |   0.0
            +---------+---------+-------+---------+---------+-------
        D:1 |      20 |       0 |   0.0 |      13 |       0 |   0.0
        D:2 |      19 |       0 |   0.0 |       3 |       0 |   0.0
            +---------+---------+-------+---------+---------+-------
